 Dungeon Crawl Stone Soup version 0.17-a0-1954-g0dddeaa (webtiles) character file.

75 Kangaxx the Magician (level 4, 0/24 HPs)
             Began as a Deep Elf Wizard on Oct 4, 2015.
             Slain by an orc
             ... wielding a +0 hand axe
              (6 damage)
             ... on level 3 of the Dungeon.
             The game lasted 00:04:56 (1177 turns).

Kangaxx the Magician (Deep Elf Wizard)              Turns: 1177, Time: 00:04:56

Health: 0/24       AC:  3    Str:  4    XL:     4   Next: 11%
Magic:  0/12       EV: 13    Int: 24    God:
Gold:   84         SH:  0    Dex: 13    Spells: 5 memorised, 1 level left

rFire  . . .     SeeInvis .     s - +0 spear
rCold  . . .     Clarity  .     a - +0 robe
rNeg   . . .     SustAt   .     (no shield)
rPois  .         Gourm    .     b - +0 hat
rElec  .         Spirit   .     r - +0 cloak
rCorr  .         Warding  .     (no gloves)
rMut   .         Stasis   .     (no boots)
MR     .....                    (no amulet)
Stlth  ++........               (no ring)
                                (no ring)

@: about to teleport, very slightly contaminated, not resistant to hostile
enchantments, unstealthy
A: no striking features
a: no special abilities


You were on level 3 of the Dungeon.
You were hungry.

You visited 1 branch of the dungeon, and saw 3 of its levels.

You collected 84 gold pieces.

Inventory:

Hand weapons
 s - a +0 spear (weapon)
 t - a cursed -2 dagger
Armour
 a - a +0 robe (worn)
 b - a +0 hat (worn)
 r - a +0 cloak (worn)
Scrolls
 j - a scroll of identify {unknown}
 k - 3 scrolls of recharging {unknown}
 l - 2 scrolls of remove curse
 n - a scroll of noise
 o - a scroll of teleportation
Potions
 e - a potion of heal wounds {unknown}
 i - a potion of mutation {unknown}
 m - a potion of haste {unknown}
 p - a potion of cure mutation {unknown}
 q - a potion of beneficial mutation {unknown}
 u - a potion of curing {unknown}
Books
 c - a book of Minor Magic

   Spells                             Type                      Level
   a - Magic Dart                     Conjuration                  1
   b - Blink                          Translocation                2
   c - Call Imp                       Summoning                    2
   d - Repel Missiles                 Charms/Air                   2
   e - Slow                           Hexes                        2
   f - Conjure Flame                  Conjuration/Fire             3
   g - Mephitic Cloud                 Conjuration/Poison/Air       3
Comestibles
 d - 2 bread rations
 f - 2 fruits
 g - 2 meat rations
 h - a beef jerky
 v - a slice of pizza


   Skills:
 + Level 3.2 Dodging
 + Level 3.3 Stealth
 + Level 4.6 Spellcasting
 * Level 2.5 Conjurations
 + Level 0.8 Charms
   Level 1.1 Summonings
 + Level 1.1 Translocations
 + Level 0.7 Fire Magic
 + Level 0.8 Air Magic
 + Level 0.2 Poison Magic


You had one spell level left.
You knew the following spells:

 Your Spells              Type           Power        Failure   Level  Hunger
a - Magic Dart            Conj           ###.         3%          1    None
b - Blink                 Tloc           N/A          12%         2    None
c - Repel Missiles        Chrm/Air       #.....       12%         2    None
e - Conjure Flame         Conj/Fire      ##......     17%         3    ##.....
h - Mephitic Cloud        Conj/Pois/Air  ##......     21%         3    ##.....


Dungeon Overview and Level Annotations

Branches:
Dungeon (3/15)

Altars:


Message History

Evoke which item? (* to show all) (? for menu, Esc to quit)
Okay, then.
Read which item? (? for menu, Esc to quit)
As you read the scroll labeled CIGHYKHAUJ, it crumbles to dust.
You feel blessed for a moment.
It was a scroll of remove curse.
An orc comes into view. It is wielding a flail.
Read which item? (? for menu, Esc to quit)
As you read the scroll labeled MIAGECLUVEN, it crumbles to dust.
You hear a loud clanging noise!
It was a scroll of noise.
You hear a shout! x2
The orc hits you with a hand axe. The orc closely misses you.
The orc misses you.
Read which item? (? for menu, Esc to quit)
As you read the scroll labeled ZALOAX XI ULU, it crumbles to dust.
You feel strangely unstable.
It was a scroll of teleportation.
The orc closely misses you. The orc hits you.
* * * LOW HITPOINT WARNING * * *
The orc hits you with a hand axe.
You die...

##. #.. #.#
#.# #.# #(#
####.####
#oo.....#
#@##.##.###
####o##......#
#..)o#####.#.#
##<......#.#
######### #


You could see 4 orcs.

Vanquished Creatures
  An orc wizard (D:3)
  2 adders (D:2)
  An ooze (D:2)
  A worm (D:2)
  A giant gecko (D:2)
  5 goblins
  A hobgoblin (D:1)
  3 bats (D:1)
  A giant cockroach (D:2)
  A giant newt (D:1)
  5 kobolds
  5 rats
27 creatures vanquished.

Notes
Turn   | Place    | Note
--------------------------------------------------------------
     0 | D:1      | Kangaxx the Deep Elf Wizard began the quest for the Orb.
     0 | D:1      | Reached XP level 1. HP: 10/10 MP: 7/7
   280 | D:1      | Reached XP level 2. HP: 15/15 MP: 6/9
   702 | D:2      | Reached XP level 3. HP: 19/19 MP: 1/11
   706 | D:2      | Learned a level 2 spell: Blink
   709 | D:2      | Learned a level 2 spell: Repel Missiles
   713 | D:2      | Learned a level 3 spell: Mephitic Cloud
   717 | D:2      | Learned a level 3 spell: Conjure Flame
  1155 | D:3      | Reached XP level 4. HP: 10/24 MP: 3/12
  1177 | D:3      | Slain by an orc

Vault maps used:
D:1:      mrwooster_arrival_statue_2
D:3:      nicolae_overflow_hidden_temple

Action                   |  1- 3 |  4- 6 || total
-------------------------+-------+-------++-------
Melee: Spear             |    19 |       ||    19
 Cast: Magic Dart        |    82 |     5 ||    87
  Use: Scroll            |       |     3 ||     3
